 Dungeon Crawl Stone Soup version 0.30-a0-269-gf0224bf7b6 (webtiles) character file.

Game seed: 9590591580689305561

50 ReploidZero the Shooter (level 3, 0/22 HPs)
             Began as a Tengu Hunter on Oct 14, 2022.
             Succumbed to a goblin's poison
             ... on level 2 of the Dungeon.
             The game lasted 00:01:19 (692 turns).

ReploidZero the Shooter (Tengu Hunter)               Turns: 692, Time: 00:01:20

Health: 0/22       AC:  5    Str: 11    XL:     3   Next: 79%
Magic:  4/4        EV: 13    Int:  9    God:
Gold:   52         SH:  0    Dex: 19    Spells: 2/2 levels left

rFire   . . .      SeeInvis .    a - +0 shortbow
rCold   . . .      Faith    .    (shield currently unavailable)
rNeg    . . .      Spirit   .    c - +0 leather armour
rPois   .          Reflect  .    (helmet restricted)
rElec   .          Harm     .    (no cloak)
rCorr   .          Rampage  .    (no gloves)
Will    .....                    (boots unavailable)
Stlth   ++........               (no amulet)
HPRegen 0.23/turn                (no ring)
MPRegen 0.09/turn                (no ring)

@: mighty, lethally poisoned (0 -> -1), attractive, hasted, very quick
A: beak, talons 3, iridescent scales 1, sense surroundings 1
a: no special abilities


You were on level 2 of the Dungeon.
You visited 1 branch of the dungeon, and saw 2 of its levels.

You collected 52 gold pieces.

Inventory:

Hand Weapons
 a - a +0 shortbow (weapon)
Missiles
 i - a throwing net
Armour
 c - a +0 leather armour (worn)
Scrolls
 b - a scroll of immolation
 e - a scroll of magic mapping {unknown}
 f - a scroll of enchant armour {unknown}
 k - a scroll of vulnerability {unknown}


   Skills:
 + Level 2.8 Fighting
 + Level 4.9 Ranged Weapons
 + Level 3.1 Dodging
 - Level 1.0 Stealth


You had 2 spell levels left.
You didn't know any spells.
Your spell library was empty.

Dungeon Overview and Level Annotations

Branches:
Dungeon (2/15)

Altars:


Innate Abilities, Weirdness & Mutations

You have a beak for a mouth.
You have claws for feet.
You are partially covered in iridescent scales. (AC +2)
You passively map a small area around you.


Message History

You are too injured to fight recklessly!
You are too injured to fight recklessly!
There is a lethal amount of poison in your body!
There is a lethal amount of poison in your body!
There is a lethal amount of poison in your body!
There is a lethal amount of poison in your body!
There is a lethal amount of poison in your body!
There is a lethal amount of poison in your body!
Unknown command.
There is a lethal amount of poison in your body!
It was a potion of might.
You feel very mighty all of a sudden.
You feel very sick.
It was a potion of attraction.
You feel attractive to monsters.
You feel sick.
It was a potion of mutation.
You feel extremely strange.
You feel a strange attunement to the structure of the dungeons.
Iridescent scales grow over part of your body.
* * * LOW HITPOINT WARNING * * *
You feel sick.
It was a potion of haste.
You feel yourself speed up.
* * * LOW HITPOINT WARNING * * *
You feel sick.
There is a lethal amount of poison in your body!
There is a lethal amount of poison in your body!
There is a lethal amount of poison in your body!
You are too injured to fight recklessly!
You are too injured to fight recklessly!
You are too injured to fight recklessly!
You are too injured to fight recklessly!
You are too injured to fight recklessly!
* * * LOW HITPOINT WARNING * * *
You feel sick.
* * * LOW HITPOINT WARNING * * *
You feel sick.
There is a faded altar of an unknown god here.
* * * LOW HITPOINT WARNING * * *
You feel sick.
You die...

,, ,.#,, *
+### ###)#
#>.#..###..# *
#.##...8...#*,
* #.###.....##
#.# #8._..# **
* #.###.....##
* *
#.##.......#
#.##@.###..#
#<.'### ###+,
#...# ##### ,


There were no monsters in sight!

Vanquished Creatures
  A gnoll (D:1)
  A dart slug (D:1)
  A bat (D:1)
  5 endoplasms
  3 goblins
  3 hobgoblins (D:1)
  6 jackals (D:1)
  A quokka (D:1)
  6 ball pythons (D:1)
  3 frilled lizards (D:1)
  A kobold (D:1)
  2 rats (D:1)
33 creatures vanquished.

Notes
Turn   | Place    | Note
-------+----------+-------------------------------------------
     0 | D:1      | ReploidZero the Tengu Hunter began the quest for the Orb.
     0 | D:1      | Reached XP level 1. HP: 12/12 MP: 2/2
   121 | D:1      | Reached XP level 2. HP: 17/17 MP: 3/3
   196 | D:1      | Reached XP level 3. HP: 22/22 MP: 4/4
   665 | D:2      | Found a faded altar of an unknown god.
   685 | D:2      | Gained mutation: You passively map a small area around you.
                  | [potion of mutation]
   685 | D:2      | Gained mutation: You are partially covered in iridescent
                  | scales. (AC +2) [potion of mutation]
   691 | D:2      | HP: 1/22 [poisoned by a goblin]
   692 | D:2      | Succumbed to a goblin's poison

Illustrated notes

Levels and vault maps discovered:
D:1:      minmay_arrival_split_and_join, layout_rooms,
          chequers_serial_rivers_room_a, minmay_pentomino_p4
D:2:      cheibrodos_fertilizer, layout_basic,
          hellmonk_ecumenical_altar_slurped_away, serial_shops, shop,
          wad_orctagon, uniq_terence

Skill      XL: |  1  2  3 |
---------------+----------+-----
Dodging        | 3 |  3.1
Fighting       | |  2.8
Ranged Weapons | |  4.9
Stealth        | |  1.0

Action                   || total
-------------------------++-------
 Fire: Shortbow          ||    73
  Use: Potion            ||     4
Armor: Leather armour    ||     9
Dodge: Dodged            ||    27

Table legend: (Time is in decaauts)
 A = Elapsed time spent in this place.
 B = Non-inter-level travel time spent in this place.
 C = Inter-level travel time spent in this place.
 D = Time resting spent in this place.
 E = Time spent auto-exploring this place.
 F = Levels seen in this place.
 G = Mean time per level.
                   A        B        C        D        E       F      G
               +--------+--------+--------+--------+--------+-----+--------+
         Total |    713 |    657 |     56 |      0 |    486 |   2 |  356.5 |
       Dungeon |    713 |    657 |     56 |      0 |    486 |   2 |  356.5 |
               +--------+--------+--------+--------+--------+-----+--------+

Top non-repeatable levels by time:
     D:1: 683 daAuts
     D:2: 29 daAuts
